 Dungeon Crawl Stone Soup version 0.30-a0-956-gcec3b41aec (webtiles) character file.

Game seed: 4797020176480411278

465 cforsyth the Cudgeller (level 7, -4/56 HPs)
             Began as a Formicid Fighter on Mar 29, 2023.
             Splashed by a jelly's acid (9 damage)
             ... on level 4 of the Dungeon.
             The game lasted 00:04:14 (3293 turns).

cforsyth the Cudgeller (Formicid Fighter)           Turns: 3293, Time: 00:04:14

Health: -4/56      AC: -2    Str: 23    XL:     7   Next: 29%
Magic:  7/7        EV:  9    Int:  7    God:
Gold:   239        SH:  5    Dex: 13    Spells: 6/6 levels left

rFire   . . .      SeeInvis +    a - +0 flail
rCold   . . .      Faith    .    c - +0 buckler
rNeg    . . .      Spirit   .    b - +0 scale mail
rPois   .          Reflect  .    (helmet unavailable)
rElec   .          Rampage  .    (no cloak)
rCorr   .                        (no gloves)
Will    +....                    e - +1 pair of boots Stlth
                                 (no amulet)
HPRegen 0.29/turn                x - ring of willpower
MPRegen 0.10/turn                (no ring)

@: corroded
A: permanent stasis, dig shafts and tunnels, antennae 3, four strong arms
a: Dig, Shaft Self


You were on level 4 of the Dungeon.
You visited 1 branch of the dungeon, and saw 5 of its levels.

You collected 239 gold pieces.

Inventory:

Hand Weapons
 a - a +0 flail (weapon)
Armour
 b - a +0 scale mail (worn)
 c - a +0 buckler (worn)
 e - a +1 pair of boots (worn)
Jewellery
 t - a ring of positive energy
 x - a ring of willpower (left hand)
Scrolls
 f - a scroll of poison {unknown}
 h - a scroll of amnesia {unknown}
 i - a scroll of acquirement {unknown}
 l - 4 scrolls of teleportation {unknown}
 m - 2 scrolls of identify {unknown}
 o - a scroll of butterflies {unknown}
 q - 2 scrolls of blinking {unknown}
 r - 2 scrolls of enchant armour {unknown}
 u - 3 scrolls of immolation {unknown}
Potions
 d - a potion of might
 g - a potion of curing {unknown}
 j - a potion of flight {unknown}
 k - a potion of degeneration {unknown}
 n - 2 potions of heal wounds {unknown}
 p - a potion of brilliance {unknown}
 s - a potion of ambrosia {unknown}
 v - a potion of attraction {unknown}
 w - 2 potions of magic {unknown}


   Skills:
 + Level 5.5 Fighting
 * Level 6.1 Maces & Flails
 - Level 3.3 Armour
 - Level 4.0 Shields


You had 6 spell levels left.
You didn't know any spells.
Your spell library contained the following spells:

 Spells                   Type           Power      Damage    Failure   Level
 Ensorcelled Hibernation  Hex/Ice        0%         N/A       91%         2
 Passwall                 Tmut/Erth      0%         N/A       91%         2
 Swiftness                Air            Unusable   N/A       N/A         3

Dungeon Overview and Level Annotations

Branches:
Dungeon (5/15)
 Temple: D:4-7

Altars:
Qazlal
Sif Muna
The Shining One

Shops:
D:1 (

Annotations:
D:3 1 runed translucent door, Crazy Yiuf


Innate Abilities, Weirdness & Mutations

You cannot be hasted, slowed, berserked, paralysed or teleported.
You can dig through walls and to a lower floor.
You have a pair of large antennae on your head. (SInv)
Your four strong arms can wield two-handed weapons with a shield.


Message History

You climb upwards.
There is a stone staircase leading down here.
You hit the jelly.
Your hands burn!
The jelly is lightly wounded.
The jelly hits you but does no damage.
You hit the jelly. The acid corrodes you!
Your hands burn!
The jelly is lightly wounded.
The jelly barely misses you.
You hit the jelly. The acid corrodes you!
Your hands burn!
The jelly is heavily wounded.
The jelly barely misses you.
You hit the jelly. The acid corrodes you!
Your hands burn!
The jelly is heavily wounded.
The jelly hits you.
You are splashed with acid!
You barely miss the jelly.
The jelly is heavily wounded.
The jelly hits you.
You are splashed with acid!
You are too injured to fight recklessly!
You are too injured to fight recklessly!
You are too injured to fight recklessly!
You are too injured to fight recklessly!
You are too injured to fight recklessly!
You are too injured to fight recklessly!
You are too injured to fight recklessly!
You sock the jelly!
Your hands burn!
The jelly is almost dead.
The jelly jiggles.
The jelly closely misses you.
You hit the jelly but do no damage.
Your hands burn!
The jelly is almost dead.
The jelly hits you. The acid corrodes you!
You are splashed with acid!
* * * LOW HITPOINT WARNING * * *
The jelly closely misses you.
You hit the jelly but do no damage.
Your hands burn!
* * * LOW HITPOINT WARNING * * *
The jelly is almost dead.
The jelly hits you.
* * * LOW HITPOINT WARNING * * *
The acid corrodes you!
You are splashed with acid!
You die...

## #..........# #.....
.### #..........#
###### ...#
#..........# #
.#.###..........#
.#...........####
.########..#..#### ##
.# ##........### #. .#
##..###...)J.## ##.
.######..##
####@...###### #..
.........#####
###.......# #.#
###...[......#
##.####.## ##.# #
##..##..##.#
#.......####..# #
#..###..#.#
######.[.......
####..####...#
##........ ..###..#
###.##### #........
#.##...#####.....#####
#........
#.........####.#.....##
#........


You could see a jelly.

Vanquished Creatures
  An ogre (D:4)
  A scorpion (D:4)
  2 hounds (D:4)
  2 iguanas (D:4)
  Robin (D:2)
  4 gnolls
  7 adders
  3 worms
  4 dart slugs
  An orc (D:4)
  9 ball pythons
  5 endoplasms
  2 giant cockroaches (D:3)
  5 hobgoblins
  4 quokkas
  5 bats
  6 frilled lizards
  15 goblins
  4 kobolds
  12 rats
93 creatures vanquished.

Notes
Turn   | Place    | Note
-------+----------+-------------------------------------------
     0 | D:1      | cforsyth the Formicid Fighter began the quest for the Orb.
     0 | D:1      | Reached XP level 1. HP: 18/18 MP: 1/1
    52 | D:1      | Found Duinlisk's Weapon Emporium.
    69 | D:1      | Reached XP level 2. HP: 24/24 MP: 2/2
   383 | D:1      | Reached XP level 3. HP: 18/29 MP: 3/3
   482 | D:1      | Reached skill level 3 in Maces & Flails
   847 | D:2      | Noticed Robin
   872 | D:2      | Reached XP level 4. HP: 21/37 MP: 4/4
   963 | D:2      | Killed Robin
  1711 | D:3      | Reached skill level 4 in Maces & Flails
  1726 | D:3      | Reached XP level 5. HP: 42/42 MP: 5/5
  1886 | D:3      | Found a runed translucent door.
  1887 | D:3      | Noticed Crazy Yiuf
  1944 | D:3      | Found a glowing golden altar of the Shining One.
  2098 | D:3      | Found a shimmering blue altar of Sif Muna.
  2104 | D:3      | Found a stormy altar of Qazlal.
  2643 | D:4      | Reached XP level 6. HP: 49/49 MP: 6/6
  2740 | D:4      | Reached skill level 5 in Maces & Flails
  2972 | D:4      | Reached skill level 5 in Fighting
  3060 | D:4      | Reached XP level 7. HP: 50/56 MP: 7/7
  3136 | D:4      | Reached skill level 6 in Maces & Flails
  3280 | D:5      | Entered Level 5 of the Dungeon
  3293 | D:4      | Splashed by a jelly's acid

Illustrated notes

Levels and vault maps discovered:
D:1:      lightli_iron_boxes, layout_basic, serial_shops, shop
D:2:      layout_basic, uniq_robin
D:3:      layout_rooms, amcnicky_altar_gilded, mainiacjoe_overflow_big_doors,
          uniq_crazy_yiuf_cottage
D:4:      layout_rooms, kennysheep_small_square
D:5:      layout_cave_pods, kennysheep_nondescript, st_stairs_12

Skill      XL: |  1  2  3  4  5  6  7 |
---------------+----------------------+-----
Maces & Flails | 3 4 5 6 |  6.1
Fighting       | 4 5 |  5.5
Armour         | |  3.3
Shields        | |  4.0

Action                     |  1- 3 |  4- 6 |  7- 9 || total
---------------------------+-------+-------+-------++-------
  Melee: Flail             |   103 |   222 |    24 ||   349
 Armour: Scale mail        |    67 |   131 |     5 ||   203
  Dodge: Dodged            |    54 |   109 |    11 ||   174
  Block: Buckler           |    34 |    48 |     2 ||    84

Table legend: (Time is in decaauts)
 A = Elapsed time spent in this place.
 B = Non-inter-level travel time spent in this place.
 C = Inter-level travel time spent in this place.
 D = Time resting spent in this place.
 E = Time spent auto-exploring this place.
 F = Levels seen in this place.
 G = Mean time per level.
                   A        B        C        D        E       F      G
               +--------+--------+--------+--------+--------+-----+--------+
         Total |   3375 |   3281 |     94 |    111 |   2358 |   5 |  675.0 |
       Dungeon |   3375 |   3281 |     94 |    111 |   2358 |   5 |  675.0 |
               +--------+--------+--------+--------+--------+-----+--------+

Top non-repeatable levels by time:
     D:4: 992 daAuts
     D:2: 880 daAuts
     D:1: 791 daAuts
     D:3: 706 daAuts
     D:5: 4 daAuts
